Map: Hecate LE

Players

ONSYDESolar (Solar) - Winner!

  • Race: Zerg Zerg
  • League: Master
  • Spawn Location: 7:00

DKZherO (herO)

  • Race: Protoss Protoss
  • League: Master
  • Spawn Location: 1:00

VOD

Have the link to the VOD?

Description

Time

  • Played on: Nov. 27, 2023, 4:36 a.m.
  • Length: 11:11
Show
View Real Time Build Order
Export as new Build Order

ONSYDESolar Zerg - Winner!

Build Orders: Hatch First 

Get SALT Encoding   

  12  0:00  Drone  
  13  0:12  Overlord  
  13  0:17  Drone  
  14  0:35  Drone  
  14  0:36  Drone  
  14  0:41  Drone  
  17  0:53  Drone  
  18  0:58  Hatchery  
  18  1:00  Drone  
  18  1:12  Extractor  
  18  1:17  Spawning Pool  
  18  1:18  Drone  
  17  1:22  Drone  
  18  1:30  Drone  
  19  1:41  Drone  
  20  1:52  Overlord  
  20  2:02  Drone  
  21  2:10  Queen x2  
  21  2:11  Zergling x2  
  21  2:13  Zergling x2  
  21  2:15  Metabolic Boost  
  27  2:21  Drone  
  28  2:23  Drone  
  29  2:32  Drone  
  29  2:33  Drone  
  31  2:43  Zergling x2  
  32  2:46  Hatchery  
  32  2:49  Queen  
  33  2:55  Overlord  
  33  2:58  Drone x2  
  34  3:05  Drone  
  35  3:13  Queen  
  35  3:14  Zergling x2  
  35  3:17  Drone  
  35  3:19  Drone x4  
  43  3:25  Overlord  
  43  3:37  Overlord  
  43  3:38  Spore Crawler  
  43  3:39  Drone  
  43  3:43  Queen  
  43  3:44  Zergling x2  
  46  3:49  Zergling x8  
  46  3:51  Queen  
  52  3:56  Drone  
  52  3:57  Drone x2  
  52  4:00  Drone  
  56  4:03  Queen  
  56  4:06  Drone  
  56  4:07  Drone  
  60  4:10  Drone  
  60  4:15  Overlord  
  61  4:19  Drone x2  
  61  4:20  Drone, Spore Crawler  
  61  4:21  Drone  
  61  4:23  Drone  
  63  4:24  Drone  
  63  4:27  Drone  
  63  4:29  Overlord  
  64  4:32  Drone  
  64  4:35  Drone x2  
  66  4:40  Zergling x6  
  66  4:43  Overlord  
  69  4:49  Drone x2  
  69  4:52  Drone  
  71  4:58  Drone  
  72  5:00  Evolution Chamber  
  72  5:01  Drone  
  72  5:02  Drone  
  72  5:03  Drone x3, Extractor  
  73  5:07  Drone x3  
  75  5:15  Drone x3  
  78  5:22  Zergling x2  
  78  5:23  Zergling x4  
  78  5:26  Zerg Melee Weapons Level 1  
  78  5:27  Zergling x2  
  78  5:28  Zergling x4  
  84  5:29  Hatchery  
  84  5:30  Roach Warren, Overlord  
  84  5:31  Drone x2  
  84  5:33  Zergling x2  
  84  5:34  Extractor  
  84  5:35  Lair  
  84  5:38  Drone x2  
  84  5:41  Drone  
  87  5:43  Drone  
  87  5:45  Zergling x2  
  87  5:46  Overlord  
  87  5:47  Overlord  
  87  5:49  Drone  
  90  5:50  Extractor  
  90  5:55  Zergling x2  
  89  5:58  Drone x3  
  89  5:59  Zergling x2  
  89  6:00  Zergling x8  
  96  6:04  Drone  
  96  6:09  Drone  
  96  6:10  Zergling x2  
  99  6:13  Overlord  
  99  6:15  Extractor  
  98  6:21  Roach x5  
  107  6:27  Roach x3  
  107  6:30  Overlord  
  107  6:31  Overlord  
  113  6:33  Roach x4  
  119  6:43  Zergling x2, Glial Reconstitution  
  119  6:44  Zergling x8  
  120  6:48  Roach x2  
  120  6:52  Roach  
  114  6:57  Drone x9  
  121  7:03  Drone  
  121  7:05  Baneling Nest  
  121  7:14  Drone x4  
  122  7:17  Drone, Overseer  
  122  7:18  Drone  
  122  7:19  Drone  
  122  7:20  Spore Crawler  
  123  7:25  Drone x4  
  123  7:29  Roach x3  
  131  7:30  Zergling x6  
  131  7:35  Zergling x2  
  131  7:36  Overseer  
  130  7:40  Zergling x2  
  129  7:46  Roach x6  
  129  7:49  Queen  
  129  7:50  Spire  
  134  7:55  Zergling x12  
  134  7:57  Zergling x6  
  141  8:01  Zergling x2  
  141  8:04  Drone  
  141  8:05  Drone  
  142  8:06  Zergling x2  
  142  8:07  Zergling x2  
  142  8:11  Spore Crawler, Queen  
  143  8:13  Overlord  
  143  8:14  Overlord  
  143  8:15  Queen  
  143  8:16  Queen  
  143  8:17  Overlord  
  141  8:20  Overlord  
  141  8:25  Extractor  
  141  8:26  Drone x4  
  142  8:29  Centrifugal Hooks  
  142  8:31  Overlord  
  142  8:33  Overlord  
  142  8:35  Zerg Melee Weapons Level 2  
  142  8:42  Zergling x22  
  142  8:43  Extractor  
  142  8:44  Extractor  
  151  8:48  Queen  
  151  8:49  Queen  
  151  8:50  Overlord  
  151  8:53  Zergling x6  
  156  9:03  Mutalisk x5  
  156  9:06  Zerg Flyer Weapons Level 1  
  166  9:10  Mutalisk x2  
  165  9:17  Mutalisk x2  
  165  9:19  Drone  
  170  9:28  Mutalisk x2  
  170  9:30  Zergling x14  
  181  9:36  Mutalisk  
  183  9:38  Zergling x14  
  183  9:43  Zergling x4  
  192  9:49  Zergling x2  
  192  9:52  Ravager  
  194  9:54  Ravager  
  194  9:55  Zergling x8  
  195  10:00  Baneling x10, Zergling x6  
  195  10:01  Baneling x3  
  195  10:04  Roach x2  
  193  10:08  Zergling x10  
  193  10:11  Zergling x2  
  176  10:14  Zergling x8  
  176  10:16  Zergling x4  
  176  10:18  Queen  
  176  10:20  Ravager  
  176  10:21  Ravager  
  177  10:22  Zergling x4  
  177  10:25  Zergling x2  
  177  10:26  Zergling x4  
  182  10:30  Zergling x8  
  185  10:37  Baneling x9  
  185  10:38  Zergling x6  
  185  10:42  Zergling x2  
  178  10:51  Zergling x2  
  178  10:52  Zergling x8  
Show
View Real Time Build Order
Export as new Build Order

DKZherO Protoss 

Build Orders: 1 Gate Expand, Oracle Opening 

Get SALT Encoding   

  12  0:00  Probe  
  13  0:12  Probe  
  14  0:18  Pylon  
  14  0:24  Probe (Chrono Boost)  
  15  0:37  Probe (Chrono Boost)  
  15  0:42  Gateway  
  16  0:45  Probe (Chrono Boost)  
  17  0:50  Assimilator  
  17  0:51  Probe  
  18  1:03  Probe  
  19  1:15  Probe  
  20  1:26  Nexus  
  20  1:36  Cybernetics Core  
  20  1:39  Probe  
  21  1:48  Assimilator  
  21  1:51  Probe  
  22  1:56  Pylon  
  22  2:03  Probe  
  23  2:11  Adept (Chrono Boost)  
  25  2:15  Probe  
  25  2:17  Stargate  
  26  2:27  Warp Gate  
  26  2:28  Probe  
  27  2:34  Adept  
  29  2:38  Pylon  
  29  2:40  Probe (Chrono Boost)  
  31  2:49  Probe x2 (Chrono Boost)  
  32  2:54  Probe (Chrono Boost)  
  32  2:55  Probe  
  34  3:01  Oracle (Chrono Boost)  
  34  3:04  Adept  
  39  3:06  Probe  
  39  3:08  Probe  
  41  3:13  Pylon  
  41  3:18  Probe  
  42  3:20  Probe  
  42  3:25  Gateway  
  43  3:29  Oracle (Chrono Boost)  
  43  3:34  Probe x2  
  48  3:52  Nexus  
  48  3:53  Probe  
  48  3:54  Probe  
  50  3:57  Pylon  
  50  4:01  Oracle (Chrono Boost)  
  50  4:06  Probe  
  54  4:15  Probe  
  54  4:16  Assimilator  
  55  4:18  Probe  
  55  4:21  Adept  
  55  4:23  Adept  
  58  4:27  Probe  
  58  4:30  Probe  
  56  4:38  Twilight Council  
  55  4:39  Probe  
  55  4:40  Forge  
  55  4:42  Probe  
  57  4:46  Adept x2  
  57  4:49  Pylon  
  62  4:55  Gateway  
  62  4:58  Gateway  
  61  5:00  Gateway  
  61  5:08  Resonating Glaives (Chrono Boost)  
  61  5:09  Gateway  
  61  5:10  Protoss Ground Weapons Level 1  
  61  5:12  Probe x2 (Chrono Boost)  
  61  5:13  Probe (Chrono Boost)  
  64  5:19  Adept  
  64  5:20  Adept  
  68  5:24  Probe (Chrono Boost)  
  71  5:30  Probe (Chrono Boost)  
  71  5:31  Pylon, Probe (Chrono Boost)  
  71  5:32  Probe (Chrono Boost)  
  72  5:36  Probe (Chrono Boost)  
  72  5:38  Probe, Pylon  
  72  5:42  Adept x2  
  78  5:43  Probe  
  80  5:50  Probe x2, Photon Cannon  
  80  5:53  Adept  
  80  5:56  Adept  
  85  6:03  Probe  
  86  6:05  Adept x3  
  86  6:06  Adept  
  92  6:16  Adept x2  
  92  6:18  Pylon, Probe  
  97  6:28  Adept x3  
  99  6:41  Adept x3  
  99  6:42  Probe  
  99  6:43  Pylon, Probe x2  
  99  6:44  Pylon  
  108  6:50  Robotics Facility, Adept x3  
  108  6:51  Robotics Facility  
  100  6:56  Oracle (Chrono Boost)  
  95  7:02  Assimilator, Probe x3  
  95  7:04  Assimilator  
  98  7:10  Shield Battery  
  98  7:17  Adept x6  
  103  7:37  Adept x6  
  103  7:42  Warp Prism (Chrono Boost)  
  107  7:52  Immortal (Chrono Boost)  
  99  7:58  Probe x2  
  99  7:59  Probe  
  99  8:02  Protoss Ground Weapons Level 2  
  99  8:05  Robotics Bay  
  94  8:09  Charge (Chrono Boost)  
  92  8:14  Zealot x6  
  92  8:15  Immortal (Chrono Boost)  
  102  8:21  Immortal (Chrono Boost)  
  106  8:34  Adept  
  106  8:35  Nexus  
  106  8:38  Shield Battery  
  108  8:43  Pylon  
  108  8:46  Immortal (Chrono Boost)  
  108  8:48  Zealot  
  108  8:49  Zealot  
  108  8:51  Immortal (Chrono Boost)  
  120  9:05  Zealot x4  
  120  9:07  Templar Archives  
  128  9:16  Shield Battery  
  128  9:18  Zealot x2  
  128  9:23  Gateway  
  132  9:24  Gateway  
  132  9:32  Pylon  
  132  9:37  Stargate  
  128  9:53  Shield Battery  
  128  9:55  Photon Cannon  
  128  9:56  Photon Cannon  
  128  10:00  Phoenix (Chrono Boost)  
  128  10:01  Stalker x6  
  138  10:10  Probe  
  138  10:11  Probe x3  
  114  10:21  Stalker x2  
  98  10:24  Stalker  
  98  10:25  Stalker x2, Phoenix (Chrono Boost)  
  98  10:26  Phoenix (Chrono Boost)  
  98  10:27  Stalker  
  105  10:30  Stalker  
  107  10:37  Phoenix (Chrono Boost)  
  107  10:40  Phoenix (Chrono Boost)  
  111  10:48  Stalker x3  
  111  10:49  Zealot  
  114  10:50  Zealot  
  114  10:55  Zealot x3  
Tags
 
Add a new tag
Caveats
  • Supply blocks, unpowered buildings, or Contaminate may cause inaccurate times.
  • Supply counts are checked every 10 seconds.